 Dungeon Sprint DCSS version 0.31-a0-1458-g2f8d4710b4 (webtiles) character file.

Game seed: 2446133133698264409

13371 Groucho the Devastator (level 11, -11/67 HPs)
             Began as a Deep Elf Earth Elementalist on Dec 28, 2023.
             Was the Champion of Sif Muna.
             Killed from afar by a nagaraja (44 damage)
             ... with a bolt of poison
             ... in the Dungeon (Sprint VII: "The Pits").
             The game lasted 00:22:51 (11962 turns).

Groucho the Devastator (DEEE)                      Turns: 11962, Time: 00:22:52

Health: -11/67     AC:  5    Str:  5    XL:     11   Next: 74%
Magic:  2/29       EV: 17    Int: 25    God:    Sif Muna [******]
Gold:   30         SH:  0    Dex: 18    Spells: 3/35 levels left

rFire   . . .        h - +2 dagger
rCold   . . .        (no shield)
rNeg    . . .        a - +0 robe
rPois   .            t - +0 helmet
rElec   .            u - +0 cloak
rCorr   .            r - +0 pair of gloves
SInv    .            (no boots)
Will    +....        (no amulet)
Stlth   +++++        m - +3 ring of dexterity
HPRegen 0.31/turn    n - +3 ring of evasion
MPRegen 0.21/turn

%: no teleportation
@: lethally poisoned (-11 -> -45)
A: no striking features
a: Renounce Religion, Channel Magic, Forget Spell, Divine Exegesis


You were in the Dungeon.
You worshipped Sif Muna.
Sif Muna was exalted by your worship.
You visited 1 branch You collected 30 gold pieces.

Inventory:

Hand Weapons
 h - a +2 dagger (weapon)
 q - a +2 rapier of venom
Armour
 a - a +0 robe (worn)
 r - a +0 pair of gloves (worn)
 t - a +0 helmet (worn)
 u - a +0 cloak (worn)
 v - +0 acid dragon scales
Jewellery
 m - a +3 ring of dexterity (left hand)
 n - a +3 ring of evasion (right hand)
 B - the ring of Wunn {Ice rPois rN+ Stlth+}
   (You found it in the Dungeon)

   [ring of ice]

   Ice:       It enhances your ice magic.
   rF-:       It makes you vulnerable to fire.
   rC+:       It protects you from cold.
   rPois:     It protects you from poison rN+: It protects you from negative
   energy.
   Stlth+:    It makes you more stealthy.
 D - a ring of poison resistance
Wands
 s - a wand of roots (3)
Scrolls
 g - 2 scrolls of blinking
 j - 2 scrolls of vulnerability
 k - 4 scrolls of amnesia
 l - a scroll of butterflies
 w - 6 scrolls of enchant weapon
 x - 2 scrolls of identify
 y - 4 scrolls of enchant armour
 C - 2 scrolls of torment
 E - a scroll of immolation
Potions
 b - 5 potions of magic
 c - 10 potions of curing
 d - 10 potions of heal wounds
 e - a potion of haste
 f - 3 potions of berserk rage
 i - 2 potions of invisibility
 o - 4 potions of brilliance
 p - 2 potions of might
 z - 2 potions of mutation
 A - a potion of resistance


   Skills:
 - Level 7.0 Fighting
 - Level 10.0 Short Blades
 + Level 3.7 Armour
 - Level 5.0 Dodging
 - Level 10.0 Stealth
 + Level 12.5 Spellcasting
 - Level 18.0 Conjurations
 - Level 14.0 Fire Magic
 - Level 5.0 Ice Magic
 - Level 10.0 Earth Magic
 - Level 7.0 Alchemy


You had 3 spell levels left.
You knew the following spells:

 Your Spells              Type           Power      Damage    Failure   Level
a - Fireball              Conj/Fire      38%        3d16      1%          5
b - Stone Arrow           Conj/Erth      100%       3d13      1%          3
c - Petrify               Alch/Erth      55%        N/A       1%          4
d - Brom's Barrelling Bo  Conj/Erth      72%        2d9       1%          4
e - Hailstorm             Conj/Ice       65%        3d12      1%          3
f - Starburst             Conj/Fire      38%        6d11      1%          6
g - Orb of Destruction    Conj           40%        9d11      1%          7

Your spell library contained the following spells:

 Spells                   Type           Power      Damage    Failure   Level
 Foxfire                  Conj/Fire      100%       2x1d9     0%          1
 Magic Dart               Conj           100%       1d8       0%          1
 Sandblast                Erth           100%       2d20      1%          1
 Sting                    Conj/Alch      100%       1d9       1%          1
 Mercury Vapours          Alch/Air       66%        N/A       1%          2
 Scorch                   Fire           100%       2d9       1%          2
 Dazzling Flash           Conj/Hex       100%       N/A       1%          3
 Passwall                 Erth           60%        N/A       1%          3
 Volatile Blastmotes      Fire/Tloc      100%       2d18      1%          3
 Confusing Touch          Hex            15%        N/A       12%         3
 Flame Wave               Conj/Fire      77%        2d17      1%          4
 Ignite Poison            Fire/Alch      62%        N/A       1%          4
 Sticky Flame             Fire/Alch      62%        2d10      1%          4
 Iskenderun's Battlesphe  Conj           81%        2d13      1%          5
 Bombard                  Conj/Erth      36%        9d6       1%          6
 Olgreb's Toxic Radiance  Alch           50%        N/A       2%          4
 Arcjolt                  Conj/Air       28%        1d38      2%          5
 Freezing Cloud           Conj/Ice/Air   26%        6-21      4%          5
 Conjure Ball Lightning   Conj/Air       28%        3x3d8     14%         6
 Eringya's Noxious Bog    Alch           25%        4d6       32%         6
 Plasma Beam              Fire/Air       25%        2x1d37    32%         6
 Sculpt Simulacrum        Ice/Alch       22%        N/A       45%         6
 Death Channel            Necr           7%         N/A       99%         6
 Summon Cactus Giant      Summ           7%         N/A       99%         6
 Fire Storm               Conj/Fire      38%        8d10      99%         9
 Chain Lightning          Conj/Air       28%        3d38      100%        9


Dungeon Overview and Level Annotations

Branches:
Dungeon (1/1)

Altars:
Ashenzari
Cheibriados
Dithmenos
Elyvilon
Fedhas
Gozag
Hepliaklqana
Kikubaaqudgha
Makhleb
Nemelex Xobeh
Okawaru
Qazlal
Ru
Sif Muna
Trog
Uskayaw
Vehumet
Wu Jian
Xom
Yredelemnul
Zin
The Shining One
Jiyva
Lugonu


Message History

The brown ugly thing is heavily wounded.
The brown ugly thing claws you!
You are splashed with acid.
Unknown command.
Casting: Stone Arrow (safe; 1% risk of failure)
Confirm with . or Enter, or press ? or * to list all spells.
Aiming: Stone Arrow (safe; 1% risk of failure)
Press: ? - help, Shift-Dir - straight line, f/p - nagaraja
Aim: a nagaraja, wielding a +0 club and wearing a +0 robe (moderately wounded, fast, 78% to hit)
The stone arrow hits the brown ugly thing!
The brown ugly thing is severely wounded.
The brown ugly thing barely misses you.
Unknown command.
Casting: Stone Arrow (safe; 1% risk of failure)
Confirm with . or Enter, or press ? or * to list all spells.
Aiming: Stone Arrow (safe; 1% risk of failure)
Press: ? - help, Shift-Dir - straight line, f/p - nagaraja
Aim: a nagaraja, wielding a +0 club and wearing a +0 robe (moderately wounded, fast, 78% to hit)
The stone arrow hits the nagaraja!
The nagaraja is heavily wounded.
The brown ugly thing claws you!
You are splashed with acid.
The nagaraja spits poison at you. The splash of poison hits you.
You are poisoned.
Unknown command.
Casting: Stone Arrow (safe; 1% risk of failure)
Confirm with . or Enter, or press ? or * to list all spells.
Casting: Starburst (dangerous; 1% risk of failure)
Press: ? - help, Dir - look around, f - activate The bolt of fire hits the brown ugly thing!!!
You kill the brown ugly thing!
Sif Muna accepts your kill.
You see here Osutes's Collected Works on Combat Magic {god gift}.
Sif Muna grants you a gift!
The bolt of fire hits the nagaraja!!
The nagaraja is severely wounded.
You feel very sick.
The nagaraja gestures at you while chanting.
The bolt of poison hits you!!!
You are lethally poisoned!
Ouch! That really hurt!
You die...

++########################
.................N........
................@.........
..##############++########
..# ..# ..# ..# ).# ..#
..#


You could see a nagaraja (fast, catching breath).

Vanquished Creatures
  An emperor scorpion (D)
  A nagaraja (D)
  A death yak (D)
  2 flayed ghosts (D)
  A sea snake (D)
  2 bog bodies (D)
  A deep elf pyromancer (D)
  2 orc knights (D)
  An ugly thing (D)
  A wolf spider (D)
  An orc sorcerer (D)
  A cyclops (D)
  A manticore (D)
  Maurice (D)
  An eye of devastation (D)
  A large abomination (D)
  A rime drake (D)
  A komodo dragon (D)
  An ice devil (D)
  A red devil (D)
  A tarantella (D)
  4 glass eyes (D)
  A wyvern (D)
  A spriggan (D)
  3 yaks (D)
  2 wargs (D)
  A redback (D)
  2 small abominations (D)
  An acid dragon (D)
  An orc warrior (D)
  A crocodile (D)
  A sky beast (D)
  2 centaurs (D)
  An ogre (D)
  2 phantoms (D)
  A weeping skull (D)
  A scorpion (D)
  A necrophage (D)
  5 wights (D)
  3 killer bees (D)
  A crimson imp (D)
  A hound (D)
  2 orc priests (D)
  An iguana (D)
  A mummy (D)
  2 adders (D)
  A river rat (D)
  A white imp (D)
  3 orcs (D)
  A ball python (D)
  A bat skeleton (D)
  A goblin (D)
  5 jackals (D)
  A kobold (D)
  2 quokkas (D)
  A bat (D)
  A quokka simulacrum (D)
  A quokka skeleton (D)
  A rat (D)
86 creatures vanquished.

Vanquished Creatures (others)
  An orc (D)
1 creature vanquished.

Grand Total: 87 creatures vanquished

Notes
Turn   | Place    | Note
-------+----------+-------------------------------------------
     0 | D        | Groucho the Deep Elf Earth Elementalist began the quest for
                  | the Orb.
     0 | D        | Reached XP level 1. HP: 10/10 MP: 6/6
    42 | D        | Found a glowing golden altar of the Shining One.
    42 | D        | Found a glowing silver altar of Zin.
    42 | D        | Found a basalt altar of Yredelemnul.
    42 | D        | Found a shimmering altar of Xom.
    42 | D        | Found an ornate altar of the Wu Jian Council.
    42 | D        | Found a bloodstained altar of Trog.
    42 | D        | Found a shimmering blue altar of Sif Muna.
    42 | D        | Found a sacrificial altar of Ru.
    42 | D        | Found a stormy altar of Qazlal.
    42 | D        | Found an iron altar of Okawaru.
    42 | D        | Found a sparkling altar of Nemelex Xobeh.
    42 | D        | Found a burning altar of Makhleb.
    42 | D        | Found a viscous altar of Jiyva.
    42 | D        | Found a hazy altar of Hepliaklqana.
    42 | D        | Found an opulent altar of Gozag.
    42 | D        | Found a blossoming altar of Fedhas.
    42 | D        | Found a white marble altar of Elyvilon.
    42 | D        | Found a shadowy altar of Dithmenos.
    42 | D        | Found a snail-covered altar of Cheibriados.
    43 | D        | Found a radiant altar of Vehumet.
    43 | D        | Found a corrupted altar of Lugonu.
    44 | D        | Found an ancient bone altar of Kikubaaqudgha.
    44 | D        | Found a hide-covered altar of Uskayaw.
    44 | D        | Found a broken altar of Ashenzari.
    45 | D        | Became a worshipper of Sif Muna the Loreminder
    52 | D        | Noticed a glass eye
    60 | D        | Killed a glass eye
    61 | D        | Reached skill level 5 in Spellcasting
    61 | D        | Reached skill level 10 in Earth Magic
    61 | D        | Reached skill level 5 in Conjurations
    61 | D        | Reached XP level 2. HP: 17/17 MP: 1/10
    61 | D        | Reached XP level 3. HP: 21/21 MP: 1/11
    61 | D        | Reached XP level 4. HP: 26/26 MP: 1/13
    61 | D        | Reached XP level 5. HP: 30/30 MP: 1/14
    65 | D        | Learned a level 3 spell: Stone Arrow
    70 | D        | Learned a level 4 spell: Petrify
    75 | D        | Learned a level 4 spell: Brom's Barrelling Boulder
   396 | D        | Reached * piety under Sif Muna
   397 | D        | Reached skill level 7 in Conjurations
   606 | D        | Noticed a glass eye
   611 | D        | Killed a glass eye
   612 | D        | Reached skill level 1 in Short Blades
   612 | D        | Reached XP level 6. HP: 36/36 MP: 2/18
   809 | D        | Reached ** piety under Sif Muna
   814 | D        | Noticed a glass eye
   816 | D        | Reached *** piety under Sif Muna
   857 | D        | Killed a glass eye
   858 | D        | Reached skill level 5 in Dodging
   858 | D        | Reached skill level 5 in Stealth
   858 | D        | Reached XP level 7. HP: 44/44 MP: 6/19
  1267 | D        | Reached **** piety under Sif Muna
  1519 | D        | Reached skill level 5 in Fighting
  1519 | D        | Reached skill level 5 in Short Blades
  1520 | D        | Reached ***** piety under Sif Muna
  1521 | D        | Reached skill level 8 in Conjurations
  1874 | D        | Noticed a spriggan
  1877 | D        | Killed a spriggan
  1878 | D        | Reached skill level 9 in Conjurations
  1878 | D        | Reached XP level 8. HP: 49/49 MP: 2/20
  1986 | D        | Received a gift from Sif Muna
  1987 | D        | Reached skill level 10 in Conjurations
  1989 | D        | Got Sif Muna's Compilation of the Mortuary and the Volley
                  | {god gift}
  1994 | D        | Learned a level 3 spell: Hailstorm
  2250 | D        | Noticed a tarantella
  2251 | D        | Reached skill level 11 in Conjurations
  2252 | D        | Killed a tarantella
  2253 | D        | Reached skill level 12 in Conjurations
  2735 | D        | Noticed a bog body
  2738 | D        | Killed a bog body
  2739 | D        | Reached skill level 5 in Ice Magic
  3093 | D        | Noticed a bog body
  3095 | D        | Killed a bog body
  3096 | D        | Reached skill level 10 in Stealth
  3096 | D        | Reached XP level 9. HP: 33/54 MP: 14/21
  3468 | D        | Noticed a flayed ghost
  3473 | D        | Killed a flayed ghost
  3474 | D        | Reached skill level 10 in Short Blades
  3791 | D        | Noticed Maurice
  3976 | D        | Maurice stole a +2 rapier of venom
  3977 | D        | Killed Maurice
  4198 | D        | Noticed a sea snake
  4205 | D        | Killed a sea snake
  4205 | D        | Received a gift from Sif Muna
  4206 | D        | Reached skill level 10 in Spellcasting
  4551 | D        | Got Sif Muna's Handbook of Hurtful Reformation {god gift}
  4559 | D        | Learned a level 6 spell: Starburst
  4567 | D        | Learned a level 7 spell: Orb of Destruction
  4934 | D        | Reached skill level 1 in Fire Magic
  4934 | D        | Reached XP level 10. HP: 46/63 MP: 10/26
  5298 | D        | Noticed a flayed ghost
  5304 | D        | Killed a flayed ghost
  5305 | D        | Reached skill level 13 in Conjurations
  5791 | D        | Noticed an emperor scorpion
  5804 | D        | Killed an emperor scorpion
  5805 | D        | Reached skill level 14 in Conjurations
  6205 | D        | Noticed an orc sorcerer
  6208 | D        | Noticed a nagaraja
  6209 | D        | Noticed an orc knight
  6210 | D        | Noticed a wolf spider
  6211 | D        | Killed an orc sorcerer
  6400 | D        | Killed a wolf spider
  6400 | D        | Reached ****** piety under Sif Muna
  6400 | D        | Received a gift from Sif Muna
  6434 | D        | Killed an orc knight
  6435 | D        | Reached skill level 15 in Conjurations
  6576 | D        | Reached skill level 10 in Fire Magic
  7040 | D        | Received a gift from Sif Muna
  7041 | D        | Got Sif Muna's Folio of Bewitching Energy {god gift}
  7301 | D        | Noticed a cyclops
  7312 | D        | Killed a cyclops
  7313 | D        | Reached XP level 11. HP: 67/67 MP: 15/27
  7625 | D        | Reached skill level 16 in Conjurations
  7632 | D        | Received a gift from Sif Muna
  7634 | D        | Got Sif Muna's Compilation of Transmuted Kindling {god
                  | gift}
  7973 | D        | Killed a nagaraja
  8089 | D        | Reached skill level 17 in Conjurations
  8126 | D        | Received a gift from Sif Muna
  8128 | D        | Got Atoodai's Meditations on the Scorched Catalyst {god
                  | gift}
  8312 | D        | Noticed an orc knight
  8319 | D        | Killed an orc knight
  8863 | D        | Reached skill level 1 in Armour
  9053 | D        | Noticed a deep elf pyromancer
  9065 | D        | Killed a deep elf pyromancer
  9065 | D        | Received a gift from Sif Muna
  9066 | D        | Got Sif Muna's Octavo of Kinetic Energy {god gift}
  9790 | D        | Noticed a death yak
  9799 | D        | Killed a death yak
 10477 | D        | Got the ring of Wunn {Ice rPois rN+ Stlth+}
 10945 | D        | Learned a level 5 spell: Fireball
 11576 | D        | Reached skill level 18 in Conjurations
 11951 | D        | Noticed a nagaraja
 11952 | D        | Noticed a brown ugly thing
 11962 | D        | Killed a brown ugly thing
 11962 | D        | Received a gift from Sif Muna
 11962 | D        | Killed from afar by a nagaraja

Illustrated notes

Levels and vault maps discovered:
D:        pitsprint [storerooms_1, entrance_room_1, metal_vault_6, armoury_2,
          mini_pit_1, grid_room_1, main_hall_1, silver_pit, the_coven_1,
          the_vestibule_1, steel_vault_4, golden_pit, hallway_of_sentries,
          crystal_vault_3, iron_vault_4, final_vault]

Skill      XL: |  1  2  3  4  5  6  7  8  9 10 11 |
---------------+----------------------------------+-----
Fighting       | 2 4 5 7 |  7.0
Spellcasting   | 5 7 10 12 | 12.5
Earth Magic    | 10 | 10.0
Conjurations   | 5 7 9 12 15 18 | 18.0
Alchemy        | 7 |  7.0
Short Blades   | 1 3 5 7 10 | 10.0
Dodging        | 3 5 |  5.0
Stealth        | 3 5 10 | 10.0
Ice Magic      | 5 |  5.0
Fire Magic     | 1 11 14 | 14.0
Armour         | 3 |  3.7

Action                     |  1- 3 |  4- 6 |  7- 9 | 10-12 || total
---------------------------+-------+-------+-------+-------++-------
  Melee: Dagger            |     1 |    41 |     2 |    20 ||    64
   Cast: Sandblast         |     7 |     2 |     1 |       ||    10
         Stone Arrow       |       |    12 |    47 |    65 ||   124
         Petrify           |       |       |     4 |    14 ||    18
         Starburst         |       |       |       |     2 ||     2
         Orb of Destructio |       |       |       |    24 ||    24
    Use: Potion            |       |       |     1 |     1 ||     2
         Scroll            |       |       |       |     2 ||     2
   Stab: Petrified         |       |       |     2 |    14 ||    16
 Armour: Robe              |       |     6 |    10 |    27 ||    43
  Dodge: Dodged            |       |     3 |    13 |    22 ||    38

Table legend: (Time is in decaauts) A = Elapsed time spent in this place. B = Non-inter-level travel time spent in this place. C = Inter-level travel time spent in this place. D = Time resting spent in this place. E = Time spent auto-exploring this place. F = Levels seen in this place. G = Mean time per level. A B C D E F G +--------+--------+--------+--------+--------+-----+--------+ Total | 11955 | 11909 | 46 | 10685 | 0 | 1 | 11955.0 | Dungeon | 11955 | 11909 | 46 | 10685 | 0 | 1 | 11955.0 | +--------+--------+--------+--------+--------+-----+--------+

Top non-repeatable levels by time:
       D: 11955 daAuts
